 Dungeon Crawl Stone Soup version 0.31-a0-662-g684573625c (webtiles) character file.

Game seed: 1939629623933633163

15561 arthad the Blocker (level 12, 0/100 HPs)
             Began as a Formicid Fighter on Sept 1, 2023.
             Was an Elder of Cheibriados.
             Slain by a boulder beetle (16 damage)
             ... on level 10 of the Dungeon.
             The game lasted 00:23:20 (11891 turns).

arthad the Blocker (Formicid Fighter)              Turns: 11891, Time: 00:23:20

Health: 0/100      AC: 18    Str: 37    XL:     12   Next: 59%
Magic:  16/16      EV: 10    Int: 18    God:    Cheibriados [****..]
Gold:   626        SH: 15    Dex: 28    Spells: 11/11 levels left

rFire   + . .        a - +0 war axe
rCold   . . .        A - +0 kite shield
rNeg    . . .        i - +6 scale mail of the Invisible Friars {Str+3}
rPois   .            (helmet unavailable)
rElec   .            u - +0 cloak
rCorr   .            X - +1 pair of gloves
SInv    +            (no boots)
Will    +....        J - amulet of the acrobat
Stlth   +            n - ring of protection from fire
HPRegen 0.36/turn    d - +6 ring of dexterity
MPRegen 0.15/turn

%: acrobat
@: mighty, very slow
A: permanent stasis, dig shafts and tunnels, antennae 3, four strong arms
a: Dig, Shaft Self, Renounce Religion, Bend Time, Temporal Distortion, Slouch


You were on level 10 of the Dungeon.
You worshipped Cheibriados.
Cheibriados was greatly pleased with you.
You visited 2 branches of the dungeon, and saw 12 of its levels.

You collected 626 gold pieces.

Inventory:

Hand Weapons
 a - a +0 war axe (weapon)
 g - a +2 quarterstaff of chaos
 k - a +0 sling of freezing
 B - a +0 battleaxe
 P - a +2 hand axe of distortion
 U - a +2 heavy arbalest
Missiles
 o - 10 boomerangs (quivered)
 G - 14 poisoned darts
 K - 3 darts of dispersal
 S - a curare-tipped dart
Armour
 b - a +0 scale mail
 c - a +1 buckler
 i - the +6 scale mail of the Invisible Friars (worn) {Str+3}
   (You found it on level 2 of the Dungeon)

   Str+3:     It affects your strength (+3).
 u - a +0 cloak (worn)
 A - a +0 kite shield (worn)
 X - a +1 pair of gloves (worn)
Magical Staves
 V - a staff of air
Jewellery
 d - a +6 ring of dexterity (right hand)
 n - a ring of protection from fire (left hand)
 p - a ring of protection from fire
 x - a +6 ring of intelligence
 J - an amulet of the acrobat (around neck)
 M - a ring of positive energy
Wands
 s - a wand of flame (19)
 y - a wand of digging (3)
 F - a wand of charming (7)
 I - a wand of polymorph (11)
 Y - a wand of mindburst (5)
Scrolls
 e - a scroll of revelation
 h - a scroll of vulnerability
 r - a scroll of amnesia
 t - 2 scrolls of blinking
 v - 6 scrolls of identify
 z - 2 scrolls of teleportation
 E - 2 scrolls of fear {unknown}
 L - 2 scrolls of enchant weapon {unknown}
 N - a scroll of poison {unknown}
 R - 2 scrolls of immolation {unknown}
Potions
 f - a potion of brilliance
 j - 2 potions of mutation
 l - a potion of lignification
 m - a potion of enlightenment
 q - a potion of attraction
 H - a potion of berserk rage {unknown}
 Q - a potion of haste
 W - a potion of invisibility {unknown}
Miscellaneous
 T - a tin of tremorstones (2/2)


   Skills:
 * Level 11.0 Fighting
 * Level 9.8 Axes
 * Level 10.9 Armour
 * Level 13.0 Shields
 + Level 6.0 Invocations


You had 11 spell levels left.
You didn't know any spells.
Your spell library contained the following spells:

 Spells                   Type           Power      Damage    Failure   Level
 Apportation              Tloc           0%         N/A       43%         1
 Necrotise                Necr           0%         1d4       43%         1
 Summon Small Mammal      Summ           0%         N/A       43%         1
 Scorch                   Fire           0%         2d5       58%         2
 Static Discharge         Conj/Air       0%         2-2/arc   58%         2
 Dazzling Flash           Conj/Hex       0%         N/A       82%         3
 Tukima's Dance           Hex            0%         N/A       82%         3
 Volatile Blastmotes      Fire/Tloc      0%         2d10      82%         3
 Airstrike                Air            0%         2d(0-16)  99%         4
 Flame Wave               Conj/Fire      0%         2d4       99%         4
 Passage of Golubria      Tloc           0%         N/A       99%         4
 Summon Lightning Spire   Summ/Air       0%         N/A       99%         4
 Alistair's Intoxication  Tmut/Pois      0%         N/A       100%        5
 Arcjolt                  Conj/Air       0%         1d10      100%        5
 Yara's Violent Unravell  Hex/Tmut       0%         3d3       100%        5
 Starburst                Conj/Fire      0%         6d3       100%        6
 Summon Cactus Giant      Summ           0%         N/A       100%        6
 Maxwell's Capacitive Co  Air            0%         ∞         100%        8
 Vhi's Electric Charge    Tloc/Air       Unusable   N/A       N/A         4

Dungeon Overview and Level Annotations

Branches:
Dungeon (11/15)            Temple (1/1) D:6            Lair (0/5) D:11
    Orc (0/2) D:11

Altars:
Ashenzari
Cheibriados
Dithmenos
Elyvilon
Fedhas
Gozag
Hepliaklqana
Kikubaaqudgha
Makhleb
Nemelex Xobeh
Okawaru
Qazlal
Ru
Sif Muna
Trog
Uskayaw
Vehumet
Wu Jian
Xom
Yredelemnul
Zin
The Shining One

Shops:
D:7 [

Portals:
Trove: D:10 (show abyssal rune of Zot)

Annotations:
D:6 3 runed translucent doors, Palms's ghost, novice SpDe
D:7 Jeremiah
D:10 4 transporters


Innate Abilities, Weirdness & Mutations

You cannot be hasted, slowed, berserked, paralysed or teleported.
You can dig through walls and to a lower floor.
You have a pair of large antennae on your head. (SInv)
Your four strong arms can wield two-handed weapons with a shield.


Message History

The vampire mosquito bites you!
The vampire mosquito draws strength from your injuries!
The wolf stops to sniff the ground.
The wolf bites you but does no damage.
You feel very mighty all of a sudden.
You block the vampire mosquito's attack.
The wolf bites you! You block the boulder beetle's attack.
You slash the boulder beetle!
The boulder beetle is lightly wounded.
You barely miss the vampire mosquito. You slash the wolf!
The vampire mosquito bites you.
* * * LOW HITPOINT WARNING * * *
The vampire mosquito draws strength from your injuries!
You block the wolf's attack.
The vampire mosquito bites you but does no damage.
You block the wolf's attack. The boulder beetle bites you!
* * * LOW HITPOINT WARNING * * *
The vampire mosquito bites you.
* * * LOW HITPOINT WARNING * * *
The vampire mosquito draws strength from your injuries!
You hit the vampire mosquito.
The vampire mosquito is moderately damaged.
You slash the wolf!
You kill the wolf!
Cheibriados thoroughly appreciates the change of pace.
You hit the boulder beetle but do no damage.
You block the vampire mosquito's attack.
You block the boulder beetle's attack.
The vampire mosquito bites you but does no damage.
You slice the vampire mosquito!!
You destroy the vampire mosquito!
Cheibriados thoroughly appreciates the change of pace.
You hit the boulder beetle. You block the boulder beetle's attack.
You slice the boulder beetle!!
The boulder beetle is heavily wounded.
The boulder beetle bites you but does no damage.
You hit the boulder beetle.
The boulder beetle is heavily wounded.
The boulder beetle bites you!
You die...

..#.............#...#........#.#.
..#.............'...#........'...
..#....##'#######..##....#####...
..#....'.....#.##..##....#.......
..#....#.....#...........#..#<.#.
..#....#.....#...........#..#..#.
..#....#######...........#..#..#.
..#....##.......B........'.......
#.#....#######.†@†.......#####'##
..#....##...##...........##.....#
..#....##................##..####
..#....#######...........##..#...
..#....#######.........#####.#.#.
..'....##..............#...#.#...
..#########'######'#####.∩.#.#...
#....# #...............#...#.#...
...#.# #.#...#..#..#...##'##.#...


You could see a boulder beetle.

Vanquished Creatures
  A centaur warrior (D:9)
  3 two-headed ogres
  2 ugly things (D:9)
  2 cyclopes (D:9)
  A manticore (D:9)
  Joseph (D:7)
  An unseen horror (D:7)
  2 kobold demonologists (D:10)
  A freezing wraith (D:9)
  5 trolls
  A meliai (D:9)
  A hornet (D:9)
  Grinder (D:6)
  A wraith (D:7)
  Eustachio (D:5)
  10 yaks
  6 wyverns
  3 vampire mosquitoes
  A steam dragon (D:7)
  6 water moccasins
  4 ice beasts
  An orc warrior (D:8)
  3 sky beasts
  2 black bears (D:5)
  2 wolves
  2 ogres (D:7)
  4 centaurs
  4 phantoms
  2 kobold brigands
  Blork the orc (D:4)
  2 gnoll sergeants
  3 scorpions
  7 bullfrogs
  11 wights
  A howler monkey (D:6)
  2 electric eels
  2 jellies
  5 orc priests
  Crazy Yiuf (D:4)
  8 hounds
  A gnoll bouda (D:5)
  3 sleepcaps
  An iguana (D:5)
  8 orc wizards
  Robin (D:4)
  8 gnolls
  7 adders
  A white imp (D:7)
  4 ufetubi
  A worm (D:3)
  3 dart slugs
  23 orcs
  4 ball pythons
  A bat (D:3)
  4 endoplasms
  5 giant cockroaches
  15 goblins
  9 hobgoblins
  6 jackals (D:2)
  3 quokkas
  2 frilled lizards
  15 kobolds
  2 rats
244 creatures vanquished.

Vanquished Creatures (others)
  A vampire mosquito (D:7)
  A centaur (D:11)
2 creatures vanquished.

Grand Total: 246 creatures vanquished

Notes
Turn   | Place    | Note
-------+----------+-------------------------------------------
     0 | D:1      | arthad the Formicid Fighter began the quest for the Orb.
     0 | D:1      | Reached XP level 1. HP: 18/18 MP: 1/1
   118 | D:1      | Reached XP level 2. HP: 24/24 MP: 2/2
   623 | D:1      | Reached XP level 3. HP: 29/29 MP: 3/3
   906 | D:2      | Identified the +6 scale mail of the Invisible Friars
                  | {Str+3}
  1203 | D:2      | Reached XP level 4. HP: 37/37 MP: 4/4
  1844 | D:3      | Reached skill level 5 in Shields
  1844 | D:3      | Reached XP level 5. HP: 42/42 MP: 5/5
  2394 | D:4      | Noticed Blork the orc
  2406 | D:4      | Killed Blork the orc
  2407 | D:4      | Reached XP level 6. HP: 35/49 MP: 6/6
  2419 | D:4      | Noticed Robin
  2426 | D:4      | Killed Robin
  2791 | D:4      | Reached XP level 7. HP: 55/55 MP: 7/7
  2843 | D:4      | Reached skill level 6 in Shields
  2855 | D:4      | Reached skill level 5 in Fighting
  2861 | D:4      | Reached skill level 5 in Armour
  3094 | D:4      | Found a runed translucent door.
  3095 | D:4      | Noticed Crazy Yiuf
  3523 | D:4      | Killed Crazy Yiuf
  3576 | D:5      | Entered Level 5 of the Dungeon
  3576 | D:5      | Noticed a water moccasin
  3662 | D:5      | Reached XP level 8. HP: 63/63 MP: 8/8
  3697 | D:5      | Reached skill level 7 in Shields
  3948 | D:5      | Reached skill level 5 in Axes
  4176 | D:5      | Reached XP level 9. HP: 58/71 MP: 9/9
  4177 | D:5      | Reached skill level 8 in Shields
  4453 | D:5      | Noticed Eustachio
  4473 | D:5      | Killed Eustachio
  5043 | D:6      | Noticed Grinder
  5056 | D:6      | Killed Grinder
  5071 | D:6      | Found a runed translucent gate.
  5071 | D:6      | Found a runed translucent gate.
  5071 | D:6      | Found a runed translucent gate.
  5103 | D:6      | Found a staircase to the Ecumenical Temple.
  5126 | D:6      | Reached skill level 9 in Shields
  5206 | Temple   | Entered the Ecumenical Temple
  5215 | Temple   | Became a worshipper of Cheibriados the Contemplative
  5300 | D:6      | Found a white marble altar of Elyvilon.
  5300 | D:6      | Found a hazy altar of Hepliaklqana.
  5659 | D:6      | Reached XP level 10. HP: 68/80 MP: 10/10
  5842 | D:6      | Noticed Palms's ghost (novice SpDe)
  5929 | D:6      | Found an ancient bone altar of Kikubaaqudgha.
  6152 | D:7      | Noticed Jeremiah
  6318 | D:6      | Reached skill level 1 in Invocations
  6387 | D:7      | Found a hide-covered altar of Uskayaw.
  6404 | D:7      | Noticed Joseph
  6473 | D:7      | Reached * piety under Cheibriados
  6706 | D:7      | Killed Joseph
  6707 | D:7      | Reached skill level 10 in Shields
  7047 | D:7      | Found a bloodstained altar of Trog.
  7145 | D:7      | Found Voawaw's Armour Emporium.
  7196 | D:7      | Noticed a two-headed ogre
  7197 | D:7      | Noticed an unseen horror
  7215 | D:7      | Killed a two-headed ogre
  7224 | D:7      | Killed an unseen horror
  7324 | D:7      | Reached XP level 11. HP: 73/89 MP: 13/13
  7494 | D:7      | Reached skill level 11 in Shields
  8020 | D:8      | Reached ** piety under Cheibriados
  9074 | D:9      | Noticed a centaur warrior
  9074 | D:9      | Noticed a cyclops
  9079 | D:9      | Killed a cyclops
  9090 | D:9      | Killed a centaur warrior
  9179 | D:9      | Noticed a two-headed ogre
  9194 | D:9      | Killed a two-headed ogre
  9195 | D:9      | Reached skill level 10 in Fighting
  9372 | D:9      | Noticed a white ugly thing
  9372 | D:9      | Noticed a cyclops
  9372 | D:9      | Noticed a manticore
  9389 | D:9      | Killed a white ugly thing
  9390 | D:9      | Reached skill level 10 in Armour
  9401 | D:9      | Killed a cyclops
  9402 | D:9      | Reached skill level 12 in Shields
  9639 | D:9      | Noticed a cyan ugly thing
  9649 | D:9      | Reached skill level 5 in Invocations
  9657 | D:9      | Killed a cyan ugly thing
  9664 | D:9      | Reached *** piety under Cheibriados
  9823 | D:9      | Killed a manticore
  9824 | D:9      | Reached XP level 12. HP: 66/98 MP: 15/15
 10405 | D:10     | Entered Level 10 of the Dungeon
 10537 | D:10     | Found a transporter.
 10537 | D:10     | Found a transporter.
 10552 | D:10     | Noticed a two-headed ogre
 10556 | D:10     | Killed a two-headed ogre
 11105 | D:10     | Noticed a sixfirhy
 11117 | D:10     | Reached **** piety under Cheibriados
 11370 | D:10     | Found a transporter.
 11402 | D:10     | Found a portal to a secret trove of treasure.
 11446 | D:10     | Found a transporter.
 11854 | D:11     | Noticed a boulder beetle
 11857 | D:11     | Reached skill level 13 in Shields
 11891 | D:10     | Slain by a boulder beetle

Illustrated notes

Levels and vault maps discovered:
D:1:      minmay_arrival_doors, layout_basic
D:2:      layout_loops_ring, palyth_stone_intersect
D:3:      layout_basic, supply_closet_lemuel, minivault_19
D:4:      layout_loops_ring, lightli_minifort, uniq_robin, uniq_blork_the_orc,
          uniq_crazy_yiuf_cottage
D:5:      layout_layer_cave, uniq_eustachio
D:6:      layout_loops_ring, kennysheep_mini_moat,
          nicolae_overflow_two_pavilions, minmay_temple_entry_junction_2,
          gammafunk_ghost_icy, kennysheep_generic_room_7, uniq_grinder
D:7:      minmay_the_grid_plus [minmay_the_grid_outer_circle,
          minmay_the_grid_mess, minmay_the_grid_tree,
          minmay_the_grid_stretched_grid, minmay_the_grid_prize_big_room],
          layout_basic, eat_drink_and_be_merry_uskayaw,
          mainiacjoe_overflow_chevrons, serial_shops, nicolae_shop_peninsula,
          uniq_jeremiah, uniq_joseph
D:8:      layout_loops_ring, amethyst_killhole, nrook_campfire,
          kennysheep_crisscross
D:9:      minmay_tri_box, layout_stronghold, minmay_misc_feat_alley
D:10:     layout_stronghold, enter_trove_3, nicolae_diode_quadrants
D:11:     hellmonk_paralyzer, layout_small_grid, erik_lair_island, serial_shops,
          nicolae_shop_industrial_runoff, lightli_airlock, uniq_josephine
Temple:   sentei_temple_godly_chess

Skill      XL: |  1  2  3  4  5  6  7  8  9 10 11 12 |
---------------+-------------------------------------+-----
Fighting       | 4 5 6 7 9 10 11 | 11.0
Armour         | 4 5 6 7 9 10 | 10.9
Shields        | 5 6 7 9 10 12 13 | 13.0
Axes           | 3 4 5 6 7 9 |  9.8
Invocations    | 3 5 6 |  6.0

Action                     |  1- 3 |  4- 6 |  7- 9 | 10-12 || total
---------------------------+-------+-------+-------+-------++-------
  Melee: War axe           |    78 |   134 |   260 |   470 ||   942
  Throw: Dart              |       |     8 |    22 |    10 ||    40
         Boomerang         |       |       |       |    10 ||    10
  Evoke: Wand              |       |       |       |     6 ||     6
    Use: Potion            |       |       |     7 |     9 ||    16
         Scroll            |       |       |     6 |     2 ||     8
   Stab: Distracted        |       |       |       |     1 ||     1
 Armour: Scale mail        |    60 |   105 |   249 |   296 ||   710
         Skin              |       |       |       |    21 ||    21
  Dodge: Dodged            |    37 |    67 |   158 |   156 ||   418
  Block: Buckler           |    20 |    38 |    94 |       ||   152
         Kite shield       |       |       |    14 |   377 ||   391

Table legend: (Time is in decaauts)
 A = Elapsed time spent in this place.
 B = Non-inter-level travel time spent in this place.
 C = Inter-level travel time spent in this place.
 D = Time resting spent in this place.
 E = Time spent auto-exploring this place.
 F = Levels seen in this place.
 G = Mean time per level.
                   A        B        C        D        E       F      G
               +--------+--------+--------+--------+--------+-----+--------+
         Total |  14068 |  13447 |    621 |    425 |  10649 |  12 | 1172.3 |
       Dungeon |  14048 |  13427 |    621 |    425 |  10649 |  11 | 1277.1 |
        Temple |     20 |     20 |      0 |      0 |      0 |   1 |   20.0 |
               +--------+--------+--------+--------+--------+-----+--------+

Top non-repeatable levels by time:
     D:9: 2344 daAuts
    D:10: 2010 daAuts
     D:6: 1727 daAuts
     D:7: 1552 daAuts
     D:5: 1411 daAuts
     D:4: 1341 daAuts
     D:8: 1178 daAuts
     D:3: 848 daAuts
     D:1: 760 daAuts
     D:2: 744 daAuts
    D:11: 129 daAuts
  Temple: 20 daAuts
